 Dungeon Crawl Stone Soup version 0.15-a0-1387-gd422dff (webtiles) character file.

1138 PolkaDot the Slicer (level 8, -13/61 HPs)
             Began as a Vampire Gladiator on June 10, 2014.
             Mangled by an ogre
             ... wielding a +0,+0 giant club
              (25 damage)
             ... on Level 6 of the Dungeon.
             The game lasted 00:20:28 (4496 turns).

PolkaDot the Slicer (Vampire Gladiator)             Turns: 4496, Time: 00:20:28

HP -13/61        AC  5     Str 16      XL: 8   Next: 14%
MP   8/8         EV 12     Int 10      God:
Gold 185         SH  0     Dex 16      Spells:  0 memorised,  7 levels left

rFire  . . .     SeeInvis +     a - +2 cutlass
rCold  . . .     Clarity  .     b - +0 leather armour
rNeg   . . .     rCorr    .     (no shield)
rPois  .         rRot     .     c - +0 helmet
rElec  .         Spirit   .     (no cloak)
SustAb .         Warding  .     (no gloves)
rMut   .         Stasis   .     g - +0 pair of boots
Gourm  .                        v - amulet of faith
MR     .....                    h - +4 ring of strength
                                (no ring)

@: regenerating quickly, not resistant to hostile enchantments, very unstealthy
A: bottle blood, fangs 3, see invisible, screaming 1, weak 1, unbreathing
a: Bottle Blood


You were on level 6 of the Dungeon.
You were very full.

You visited 1 branch of the dungeon, and saw 6 of its levels.

You collected 255 gold pieces.
You spent 70 gold pieces at shops.

Inventory:

Hand weapons
 a - a +2,+2 cutlass (weapon)
Missiles
 d - 2 throwing nets (quivered)
 w - 6 javelins
Armour
 b - a +0 leather armour (worn)
 c - a +0 helmet (worn)
 g - a +0 pair of boots (worn)
 j - a +0 buckler
Magical devices
 p - a wand of flame (7)
 u - a wand of fire (8)
Scrolls
 i - a scroll of teleportation
 k - a scroll of amnesia
 l - a scroll of blinking {unknown}
Jewellery
 h - a +4 ring of strength (right hand)
 o - an uncursed ring of teleportation
 v - an amulet of faith (around neck)
Potions
 e - 4 potions of curing
 f - a potion of brilliance
 m - a potion of haste
 n - 2 potions of lignification
 q - 4 potions of blood {@w2}
 s - a potion of might
 t - 2 potions of heal wounds


   Skills:
 + Level 4.6 Fighting
 * Level 9.7 Short Blades
 - Level 1.5 Throwing
 - Level 3.2 Dodging


You had 7 spell levels left.
You didn't know any spells.

Dungeon Overview and Level Annotations

Branches:
Dungeon (6/15)
 Temple: D:4-7

Altars:
Gozag
Kikubaaqudgha
Nemelex Xobeh
Vehumet
Zin
The Shining One

Shops:
D:4 }?


Innate Abilities, Weirdness & Mutations

Your natural rate of healing is unusually fast.
You can bottle blood from corpses.
You have razor-sharp teeth.*
You have supernaturally acute eyesight.
You can survive without breathing.*
You occasionally shout uncontrollably at your foes.
You are weak. (Str -2)


Message History

You slash the ogre! Your bite misses the ogre.
The ogre is heavily wounded.
The ogre barely misses you.
You barely miss the ogre.
The ogre is heavily wounded.
You puncture the ogre! You bite the ogre, but do no damage.
The ogre is severely wounded.
The ogre hits you with a giant club!
* * * LOW HITPOINT WARNING * * *
You hit the ogre.
The ogre is almost dead.
You hit the ogre but do no damage.
The ogre is almost dead.
The ogre barely misses you.
You barely miss the ogre. Your bite misses the ogre.
The ogre is almost dead.
You hit the ogre.
The ogre is almost dead.
The ogre hits you with a giant club!!
You die...

. #.# #.# #.# . #.## ... ...
..... ########.##.....
....................
..........O@......... .
....#...####.#.#####.#
#.##.#.#...# #.#.# #.##.#.#...#
#.#.# .....#.#... #.#.###
#.##.#.#.######.#...###.#.
#...............................
#.##.#.#≈P≈####.#..≈.P≈.....%....
#.##.#.#P≈.P###.#.P.≈≈≈....∩.....


You could see an ogre.

Vanquished Creatures
  A phantom (D:4)
  A centaur (D:5)
  4 ogres
  An electric eel (D:6)
  A crimson imp (D:5)
  6 hounds
  A giant frog skeleton (D:4)
  A jelly (D:5)
  2 worker ants
  A hound skeleton (D:6)
  3 adders
  4 gnolls (D:2)
  A giant mite (D:6)
  4 worms
  An adder skeleton (D:5)
  3 giant geckos
  An ooze (D:3)
  18 orcs
  4 ball pythons
  8 giant cockroaches
  19 goblins
  9 hobgoblins
  6 jackals
  13 kobolds
  6 bats
  4 giant newts
  3 quokkas
  A quokka skeleton (D:5)
  9 rats
136 creatures vanquished.

Vanquished Creatures (others)
  A worker ant (D:5)
  A hobgoblin (D:5)
  A giant newt skeleton (D:5)
3 creatures vanquished.

Grand Total: 139 creatures vanquished

Notes
Turn   | Place    | Note
--------------------------------------------------------------
     0 | D:1      | PolkaDot, the Vampire Gladiator, began the quest for the Orb.
     0 | D:1      | Reached XP level 1. HP: 16/16 MP: 1/1
   121 | D:1      | Reached XP level 2. HP: 20/22 MP: 2/2
   123 | D:1      | Reached skill level 4 in Short Blades
   535 | D:1      | Reached XP level 3. HP: 27/27 MP: 3/3
   807 | D:2      | Found a radiant altar of Vehumet.
   812 | D:2      | Reached skill level 5 in Short Blades
   895 | D:2      | Reached XP level 4. HP: 24/33 MP: 4/4
  1365 | D:2      | Found a sparkling altar of Nemelex Xobeh.
  1416 | D:2      | Reached skill level 6 in Short Blades
  1471 | D:3      | Found a glowing golden altar of the Shining One.
  1650 | D:3      | Reached XP level 5. HP: 26/38 MP: 5/5
  1731 | D:3      | Found an ancient bone altar of Kikubaaqudgha.
  2150 | D:4      | Found Xuaraa's Gadget Shoppe.
  2157 | D:4      | Found Bootodo's Magic Scroll Emporium.
  2162 | D:4      | Bought a scroll of remove curse for 30 gold pieces
  2162 | D:4      | Bought a scroll of identify for 20 gold pieces
  2162 | D:4      | Bought a scroll of identify for 20 gold pieces
  2339 | D:4      | Noticed a phantom
  2471 | D:4      | Killed a phantom
  2471 | D:4      | Reached skill level 7 in Short Blades
  2471 | D:4      | Reached XP level 6. HP: 16/46 MP: 6/6
  2532 | D:4      | Noticed an ogre
  2540 | D:4      | Killed an ogre
  3139 | D:5      | Entered Level 5 of the Dungeon
  3154 | D:5      | Reached skill level 8 in Short Blades
  3154 | D:5      | Reached XP level 7. HP: 52/52 MP: 7/7
  3591 | D:5      | Got a smoking dagger
  3592 | D:5      | Identified the cursed -2,+2 dagger of the Ten Planets {distort, SInv} (You found it on level 5 of the Dungeon)
  3735 | D:5      | Reached skill level 9 in Short Blades
  3786 | D:5      | Gained mutation: You occasionally shout uncontrollably at your foes. [mutagenic glow]
  3812 | D:5      | Gained mutation: You are weak. (Str -2) [mutagenic glow]
  4071 | D:5      | Found a glowing silver altar of Zin.
  4072 | D:5      | Found an opulent altar of Gozag.
  4186 | D:6      | Reached XP level 8. HP: 31/61 MP: 8/8
  4496 | D:6      | Mangled by an ogre

Action                   |  1- 3 |  4- 6 |  7- 9 || total
-------------------------+-------+-------+-------++-------
Melee: Cutlass           |   124 |   267 |   136 ||   527
       Dagger            |       |       |    20 ||    20
Throw: Throwing net      |       |     2 |       ||     2
 Abil: Bottle Blood      |       |       |     7 ||     7
Evoke: Wand              |       |     2 |       ||     2
  Use: Potion            |     4 |     2 |     5 ||    11
       Scroll            |     2 |    10 |     5 ||    17
 Stab: Sleeping          |     1 |       |       ||     1
